AoeStats
← darador86

Fortress

510671052Analyzed
1v1 RM · 1d ago on Oct 2, 2026· 70m 39s· 2 players
Game mode
Random Map
Map size
Small (3 player)
Population
200
Speed
Normal
Resources
Standard
Victory
Conquest
Starting age
Dark Age
Ending age
Imperial Age
RankedLock teamsTeams togetherTeam positionsShared explorationLock speedFull tech treeHidden civsTurbo modeCheats
Victory
Defeat
🇦🇷 Huns · Argentina
568
+19
🇺🇸 Maya · United States
627
-19
darador86
9:21 Feudal Age
10:08 Double-Bit Axe
10:05 Horse Collar
14:35 Castle Age
15:41 Pikeman
16:22 Squires
22:29 Imperial Age
20:32 Bow Saw
24:08 Wheelbarrow
23:24 Town Watch
24:51 Chemistry
23:52 Murder Holes
24:46 Town Patrol
27:17 Ballistics
27:01 Husbandry
27:15 Scale Barding Armor
28:41 Hand Cart
29:07 Marauders
29:27 Thumb Ring
30:45 Chain Barding Armor
30:39 Forging
30:31 Padded Archer Armor
30:35 Scale Mail Armor
33:21 Two-Man Saw
33:26 Gold Mining
33:30 Stone Mining
34:54 Conscription
35:47 Elite Tarkan
42:03 Halberdier
54:53 Parthian Tactics
56:21 Heavy Cavalry Archer
70:28 Elite Skirmisher
Robock 01
5:22 Loom
8:24 Feudal Age
9:30 Double-Bit Axe
9:38 Horse Collar
15:00 Castle Age
13:10 Fletching
13:07 Man-at-Arms
13:39 Arson
14:42 Scale Mail Armor
15:16 Eagle Warrior
17:47 Bow Saw
17:25 Pikeman
18:56 Heavy Plow
19:55 Bodkin Arrow
21:46 Wheelbarrow
22:28 Gold Mining
22:51 Forging
24:02 Squires
23:24 Long Swordsman
24:29 Padded Archer Armor
24:52 Fervor
26:52 Sanctity
27:06 Elite Skirmisher
28:00 Hul'che Javelineers
29:18 Crossbowman
30:06 Thumb Ring
33:21 Imperial Age
31:36 Ballistics
31:46 Murder Holes
33:36 Leather Archer Armor
33:30 Halberdier
35:51 Conscription
35:09 Arbalester
36:59 Two-Handed Swordsman
38:53 Hoardings
38:43 Capped Ram
41:02 Iron Casting
40:44 Chain Mail Armor
42:44 Masonry
44:53 Block Printing
60:24 Elite Plumed Archer
61:41 Elite Eagle Warrior
66:47 Plate Mail Armor
66:30 Bracer
70:53 Blast Furnace
Connection lost

Rejoining the realm…

Still unreachable

The connection could not be restored.

Session expired

The server has moved on; the page needs a fresh start.